 Dungeon Crawl Stone Soup version 0.18.1-1-g2f07953 (webtiles) character file.

357 Danakh the Cudgeler (level 6, -1/39 HPs)
             Began as a Gargoyle Gladiator on May 21, 2016.
             Slain by a wasp (5 damage)
             ... on level 4 of the Dungeon.
             The game lasted 00:04:08 (2226 turns).

Danakh the Cudgeler (Gargoyle Gladiator)            Turns: 2226, Time: 00:04:09

Health: -1/39      AC: 17    Str: 21    XL:     6   Next: 64%
Magic:  6/6        EV: 10    Int:  8    God:
Gold:   181        SH:  0    Dex:  7    Spells: 0 memorised, 5 levels left

rFire  . . .     SeeInvis .     s - +0 flail (protect)
rCold  . . .     Gourm    .     h - +0 scale mail
rNeg   + . .     Faith    .     (no shield)
rPois  ∞         Spirit   .     c - +0 helmet
rElec  +         Dismiss  .     (no cloak)
rCorr  .         Reflect  .     (no gloves)
SustAt +         Harm     .     (no boots)
MR     .....                    z - amulet of rage
Stlth  ..........               r - ring of sustain attributes
                                i - -3 ring of dexterity (curse)

@: not resistant to hostile enchantments, extremely unstealthy
A: negative energy resistance 1, electricity resistance, unbreathing,
petrification resistance, rot immunity, AC +4
a: Evoke Berserk Rage


You were on level 4 of the Dungeon.
You were not hungry.

You visited 1 branch of the dungeon, and saw 4 of its levels.

You collected 181 gold pieces.

Inventory:

Hand Weapons
 a - a +0 flail
 s - a +0 flail of protection (weapon)
Missiles
 d - 3 throwing nets (quivered)
Armour
 b - a +0 leather armour
 c - a +0 helmet (worn)
 h - a +0 scale mail (worn)
Jewellery
 i - a cursed -3 ring of dexterity (left hand)
 r - a ring of sustain attributes (right hand)
 z - an amulet of rage (around neck)
Wands
 w - a wand of flame (9/48)
 y - a wand of polymorph (17/24)
Scrolls
 e - 3 scrolls of blinking {unknown}
 g - 2 scrolls of identify {unknown}
 k - 2 scrolls of teleportation {unknown}
 l - 2 scrolls of remove curse {unknown}
 v - a scroll of amnesia {unknown}
 x - a scroll of random uselessness {unknown}
Potions
 j - 2 potions of brilliance {unknown}
 m - a potion of magic {unknown}
 n - a potion of beneficial mutation {unknown}
 p - a potion of cure mutation {unknown}
Books
 u - a book of Necromancy

   Spells                             Type                      Level
   a - Pain                           Necromancy                   1
   b - Animate Skeleton               Necromancy                   1
   c - Vampiric Draining              Necromancy                   3
   d - Regeneration                   Charms/Necromancy            3
   e - Animate Dead                   Necromancy                   4
   f - Control Undead                 Necromancy                   4
Comestibles
 f - 3 bread rations
 o - 3 meat rations
 q - a royal jelly
 t - a slice of pizza


   Skills:
 + Level 4.6 Fighting
 + Level 5.0 Maces & Flails
 - Level 1.7 Throwing
 + Level 3.5 Armour
 - Level 2.4 Dodging
 * Level 0.0 Evocations


You had 5 spell levels left.
You didn't know any spells.

Dungeon Overview and Level Annotations

Branches:
Dungeon (4/15)
 Temple: D:4-7

Altars:
Fedhas
Gozag
Vehumet
Xom
Yredelemnul


Innate Abilities, Weirdness & Mutations

You are resistant to torment.
Your stone body is resilient (AC +4).
You are immune to poison.
You resist negative energy.
You are resistant to electric shocks.
You can survive without breathing.
You are immune to petrification.
You are immune to rotting.


Message History

The wasp stings you.
* * * LOW HITPOINT WARNING * * *
The wasp stings you but does no damage.
You hit the wasp.
The wasp is moderately wounded.
The wasp stings you.
* * * LOW HITPOINT WARNING * * *
The wasp stings you but does no damage.
You sock the wasp!
The wasp is severely wounded.
The wasp barely misses you.
You closely miss the wasp.
The wasp is severely wounded.
The wasp stings you.
* * * LOW HITPOINT WARNING * * *
The wasp stings you but does no damage.
You barely miss the wasp.
The wasp is severely wounded.
The wasp stings you but does no damage. The wasp stings you.
You die...

######.†## # ...
### #..# ... ..#
#..# .. #.# #..# ..
#.# #..# #. #.#
#..# # #. #.# #..#
#
#..##!####.#####..#
#
#....y@...........#
#
#.########.##.###.#
# #.##.# #.# #
#.##.# #.# # ####.#
#.# # #.###.###
##......###
######.... #####


You could see a wasp.

Vanquished Creatures
  The ghost of aurelian the Cutter, a novice DEAs of Vehumet (D:4)
  An orc wizard (D:3)
  An adder (D:4)
  A worm (D:2)
  A dart slug (D:1)
  4 giant geckos
  10 orcs (D:3)
  A giant cockroach (D:2)
  14 goblins
  12 hobgoblins
  4 jackals (D:3)
  A quokka (D:4)
  A ball python (D:1)
  5 bats
  A giant newt (D:2)
  5 kobolds
  7 rats
70 creatures vanquished.

Notes
Turn   | Place    | Note
--------------------------------------------------------------
     0 | D:1      | Danakh the Gargoyle Gladiator began the quest for the Orb.
     0 | D:1      | Reached XP level 1. HP: 12/12 MP: 1/1
    18 | D:1      | Reached skill level 1 in Armour
    41 | D:1      | Reached XP level 2. HP: 13/17 MP: 2/2
   247 | D:1      | Reached XP level 3. HP: 15/22 MP: 3/3
   528 | D:2      | Found an opulent altar of Gozag.
   960 | D:3      | Reached XP level 4. HP: 23/28 MP: 4/4
   998 | D:3      | Found a shimmering altar of Xom.
  1009 | D:3      | Reached skill level 4 in Maces & Flails
  1139 | D:3      | Found a blossoming altar of Fedhas.
  1143 | D:3      | Found a radiant altar of Vehumet.
  1143 | D:3      | Found a basalt altar of Yredelemnul.
  1160 | D:3      | HP: 1/28 [orc wizard/magic dart (6)]
  1602 | D:3      | Reached XP level 5. HP: 28/32 MP: 5/5
  2167 | D:4      | Noticed aurelian's ghost (novice DEAs)
  2186 | D:4      | Killed aurelian's ghost
  2186 | D:4      | Reached skill level 5 in Maces & Flails
  2186 | D:4      | Reached XP level 6. HP: 34/39 MP: 6/6
  2212 | D:4      | Noticed a wasp
  2226 | D:4      | Slain by a wasp

Skill      XL: |  1  2  3  4  5 |
---------------+----------------+-----
Armour         | 1 2 3 |  3.5
Fighting       | 3 4 |  4.6
Maces & Flails | 4 5 |  5.0
Throwing       | |  1.7
Dodging        | |  2.4

Action                   |  1- 3 |  4- 6 || total
-------------------------+-------+-------++-------
Melee: Flail             |   150 |   171 ||   321
  Eat: Chunk             |       |     5 ||     5
Armor: Leather armour    |    22 |       ||    22
       Scale mail        |    66 |   123 ||   189
Dodge: Dodged            |   143 |   101 ||   244
